Map: Triton LE

Players

tyty (TY)

  • Race: Terran Terran
  • Spawn Location: 11:00

MaSa - Winner!

  • Race: Terran Terran
  • Spawn Location: 5:00

VOD

Have the link to the VOD?

Description

Time

  • Played on: Jan. 7, 2020, 6:36 p.m.
  • Length: 8:42
Show
View Real Time Build Order
Export as new Build Order

tyty Terran 

Build Orders: Gas First Reaper Expand 

Get SALT Encoding   

  12  0:00  SCV  
  13  0:13  SCV  
  14  0:21  Supply Depot  
  14  0:25  SCV  
  14  0:28  Refinery  
  15  0:43  SCV  
  15  0:44  Barracks  
  16  0:55  SCV  
  17  1:07  SCV  
  18  1:19  SCV  
  19  1:31  Reaper  
  19  1:32  Orbital Command  
  20  1:43  Command Center  
  20  1:55  Factory  
  20  1:59  SCV  
  20  2:00  Bunker  
  21  2:02  Marine, Supply Depot  
  22  2:09  Bunker  
  23  2:21  Marine  
  23  2:24  SCV  
  24  2:37  SCV  
  24  2:39  Marine, Hellion  
  24  2:43  Supply Depot  
  28  2:49  SCV  
  28  3:00  Barracks Reactor, Command Center  
  28  3:03  SCV  
  29  3:10  Starport  
  29  3:13  Refinery  
  29  3:16  Factory Tech Lab  
  29  3:20  SCV  
  30  3:32  SCV  
  31  3:37  Marine x2  
  31  3:40  Supply Depot  
  33  3:44  SCV  
  34  3:54  Raven  
  34  3:55  Marine x2  
  37  3:56  SCV  
  37  3:59  Factory Tech Lab  
  39  4:08  SCV  
  40  4:17  Marine x2  
  40  4:19  Orbital Command  
  40  4:21  SCV  
  40  4:22  Siege Tank  
  45  4:35  Marine x2, Orbital Command  
  45  4:37  SCV  
  48  4:49  SCV  
  47  4:53  Marine x2, Viking  
  48  5:01  SCV  
  48  5:05  SCV  
  48  5:13  SCV  
  49  5:20  SCV  
  50  5:23  Siege Tank  
  50  5:24  Marine  
  50  5:26  SCV  
  55  5:32  SCV  
  55  5:34  Barracks  
  55  5:35  Supply Depot  
  56  5:37  Barracks  
  56  5:38  SCV  
  56  5:42  Stimpack  
  57  5:44  SCV, Marine  
  54  5:50  SCV  
  54  5:54  Starport Reactor  
  54  5:56  SCV  
  56  6:02  Marine, SCV  
  56  6:03  Refinery  
  58  6:08  SCV, Engineering Bay  
  59  6:14  SCV  
  59  6:15  Siege Tank  
  59  6:18  Supply Depot x2  
  63  6:20  Marine, SCV  
  63  6:22  Marine x2  
  67  6:27  SCV  
  67  6:29  Refinery  
  69  6:32  SCV  
  69  6:35  Starport Reactor  
  69  6:36  Marine  
  69  6:39  Marine x2, SCV  
  73  6:40  Marine  
  73  6:43  Terran Infantry Weapons Level 1  
  73  6:44  SCV  
  73  6:45  Supply Depot  
  75  6:52  SCV  
  67  6:54  Siege Tank  
  67  6:55  Marine x2  
  67  6:57  SCV  
  72  7:04  SCV  
  72  7:07  Marine x2  
  75  7:12  Medivac  
  75  7:15  SCV  
  78  7:16  SCV  
  78  7:18  Medivac, Orbital Command  
  78  7:22  Marine x2  
  79  7:25  Marine  
  76  7:34  Marine  
  76  7:36  SCV  
  76  7:40  Marine  
  66  7:48  SCV, Marine  
  69  7:52  Marine  
  69  7:54  SCV, Barracks Reactor  
  69  7:55  Factory Tech Lab  
  69  7:56  Medivac  
  69  7:58  Marine  
  73  8:00  SCV  
  73  8:04  Command Center  
  74  8:06  Marine, SCV  
  74  8:10  Marine  
  77  8:15  Marine  
  77  8:16  SCV  
  77  8:19  SCV  
  83  8:24  Marine  
Show
View Real Time Build Order
Export as new Build Order

MaSa Terran - Winner!

Build Orders:  

Get SALT Encoding   

  12  0:00  SCV  
  13  0:12  SCV  
  14  0:17  Supply Depot  
  14  0:25  SCV  
  15  0:29  Refinery  
  15  0:38  SCV  
  16  0:45  Barracks  
  16  0:50  SCV  
  16  0:56  Refinery  
  17  1:03  SCV  
  18  1:15  SCV  
  19  1:31  Factory  
  19  1:32  Orbital Command  
  19  1:35  Reaper  
  20  1:46  Supply Depot  
  20  1:57  SCV  
  21  2:08  Reaper  
  22  2:16  Hellion  
  22  2:19  SCV  
  25  2:26  Command Center  
  25  2:31  SCV  
  26  2:38  Starport, Factory Tech Lab  
  26  2:43  SCV  
  26  2:44  Barracks Reactor  
  27  2:52  Supply Depot  
  27  2:56  SCV  
  28  3:07  Siege Tank  
  31  3:14  SCV  
  32  3:20  Marine x2  
  32  3:25  Refinery  
  32  3:26  SCV, Medivac  
  37  3:38  SCV, Marine x2, Orbital Command  
  40  3:50  SCV  
  40  3:54  Factory Tech Lab  
  41  3:56  Marine x2  
  41  4:02  SCV  
  44  4:07  SCV  
  45  4:11  Raven  
  45  4:14  Marine x2, SCV  
  50  4:20  SCV  
  50  4:21  Siege Tank  
  54  4:25  Supply Depot  
  54  4:32  Supply Depot  
  54  4:46  SCV, Marine  
  54  4:47  Marine, SCV  
  58  4:53  Siege Tank  
  58  5:04  SCV, Marine x2  
  58  5:06  SCV  
  56  5:09  Command Center  
  56  5:11  Raven  
  58  5:17  SCV  
  58  5:19  SCV, Supply Depot  
  60  5:26  Siege Tank  
  63  5:29  SCV  
  63  5:30  Marine x2  
  63  5:35  SCV  
  67  5:41  SCV  
  68  5:47  SCV  
  71  5:53  SCV  
  71  5:54  Barracks x2  
  72  6:01  SCV  
  71  6:05  SCV, Engineering Bay x2  
  71  6:06  Refinery  
  71  6:07  Siege Tank  
  75  6:11  Supply Depot  
  75  6:14  SCV  
  75  6:17  Viking  
  78  6:21  Viking  
  78  6:23  Marine  
  78  6:24  Stimpack  
  81  6:30  Orbital Command  
  81  6:32  SCV x2  
  83  6:35  Terran Infantry Armor Level 1  
  83  6:44  SCV  
  84  6:52  SCV  
  83  6:56  SCV  
  83  6:57  Siege Tank  
  87  7:01  SCV  
  87  7:05  SCV  
  87  7:06  Marine  
  87  7:07  Barracks Reactor  
  87  7:08  Barracks Reactor  
  86  7:09  SCV, Barracks x2  
  86  7:13  SCV  
  88  7:20  SCV  
  89  7:23  Marine  
  89  7:25  SCV, Medivac x2  
  89  7:29  Siege Tank  
  99  7:37  SCV  
  99  7:41  Marine  
  99  7:43  SCV  
  99  7:44  Marine x4  
  91  7:46  SCV  
  96  7:55  Viking x2  
  100  7:58  Barracks Reactor x2  
  100  7:59  Marine  
  100  8:00  Supply Depot x2  
  100  8:05  Supply Depot  
  101  8:06  Supply Depot  
  101  8:16  Orbital Command  
  101  8:18  Marine x5, Supply Depot  
  101  8:19  SCV x2, Supply Depot  
Tags
 
Add a new tag
Caveats
  • Supply blocks, unpowered buildings, or Contaminate may cause inaccurate times.
  • Supply counts are checked every 10 seconds.